 Dungeon Sprint DCSS version 0.30.0-20-g3b4254fcbd (webtiles) character file.

Game seed: 17615103401573013615

69980 Groucho the Formicid Barricade (level 15, 0/130 HPs)
             Began as a Formicid Hunter on June 2, 2023.
             Was the Champion of Qazlal.
             Killed by divine providence
             ... invoked by a royal mummy
              (12 damage)
             ... in the Dungeon (Sprint V: "Ziggurat Sprint").
             The game lasted 00:17:49 (4860 turns).

Groucho the Formicid Barricade (Formicid Hunter)    Turns: 4860, Time: 00:17:50

Health: 0/130      AC: 46    Str: 27      XL:     15   Next: 76%
Magic:  18/31      EV: 14    Int:  8 (9)  God:    Qazlal [******]
Gold:   0          SH: 47    Dex: 28      Spells: 14/14 levels left

rFire   + + +        l - +7 great mace "Firestarter" {flame, immolate, rFlCloud rF++}
rCold   . . .        k - +18 shield of the Gong {Loud rN+ Will+ rCorr EV-5}
rNeg    + . .        j - +15 Maxwell's patent armour {-Cast -Tele rElec Will+ rCorr}
rPois   +            (helmet unavailable)
rElec   +            T - +2 cloak {Stlth+}
rCorr   +            Z - +0 pair of gloves {hurl}
SInv    +            K - +1 pair of boots {Fly}
Will    +++..        W - amulet of magic regeneration Stlth
                     U - ring "Eteatuu" {rPois rF+ Dex+3 Slay+2}
HPRegen 0.41/turn    O - ring of Itor {+Blink rF+ Str+6 Dex+6}
MPRegen 0.62/turn

%: no spellcasting, repel missiles
@: protected from physical damage, flying, studying 2 skills
A: permanent stasis, dig shafts and tunnels, antennae 3, four strong arms
a: Dig, Renounce Religion, Upheaval, Elemental Force, Disaster Area


You were in the Dungeon.
You worshipped Qazlal.
Qazlal was exalted by your worship.
You visited 1 branch

Inventory:

Hand Weapons
 a - the +8 storm bow {elec, penet}
   (You found it in the Dungeon)
 i - the +27 heavy crossbow "Sniper" {heavy, Acc+∞ SInv}
   (You found it in the Dungeon)

   Acc+∞: It never misses its target.
   SInv:      It lets you see invisible.
 l - the +7 great mace "Firestarter" (weapon) {flame, immolate, rFlCloud rF++}
   (You found it in the Dungeon)

   rFlCloud:  It grants immunity to clouds of flame.
   rF:        It greatly protects you from fire.
 m - the +10 dark maul {heavy}
   (You found it in the Dungeon)
 x - the +6 shillelagh "Devastator" {shatter}
   (You found it in the Dungeon)
Armour
 h - +5 gold dragon scales
 j - the +15 Maxwell's patent armour (worn) {-Cast -Tele rElec Will+ rCorr}
   (You found it in the Dungeon)

   rElec:     It insulates you from electricity.
   -Cast:     It prevents spellcasting.
   -Tele:     It prevents most forms of teleportation.
   rCorr:     It protects you from acid and corrosion.
   Will:      It increases your willpower.
 k - the +18 shield of the Gong (worn) {Loud rN+ Will+ rCorr EV-5}
   (You found it in the Dungeon)

   Loud:      It is deafeningly noisy when blocking attacks.
   EV:        It affects your evasion (-5).
   rN:        It protects you from negative energy.
   rCorr:     It protects you from acid and corrosion.
   Will:      It increases your willpower.
 K - a +1 pair of boots of flying (worn)
 T - a +2 cloak of stealth (worn)
 Z - a +0 pair of gloves of hurling (worn)
Jewellery
 c - a ring of protection from fire
 o - the ring "Sar Paet" {Str+5 Dex+6 Slay+3}
   (You found it in the Dungeon)

   [ring of dexterity]

   Str:       It affects your strength (+5).
   Dex:       It affects your dexterity (+6).
   Slay:      It affects your accuracy & damage with ranged weapons and melee
   (+3).
 s - a +6 ring of intelligence
 J - the brooch of Shielding {Spirit SH+8}
   (You found it in the Dungeon)

   [amulet of guardian spirit]

   It causes incoming damage to be divided between your reserves of health and
   magic.
   SH:        It affects your SH (+8).
 N - a ring of positive energy
 O - the ring of Itor (right hand) {+Blink rF+ Str+6 Dex+6}
   (You found it in the Dungeon)

   [ring of strength]

   Str:       It affects your strength (+6).
   Dex:       It affects your dexterity (+6).
   rF:        It protects you from fire.
   +Blink:    It lets you blink.
 P - a ring of poison resistance
 R - a ring of protection from cold
 S - the amulet of Luudeij {RegenMP Rampage Drain rF+++ Str+3}
   (You found it in the Dungeon)

   [amulet of magic regeneration]

   It increases your rate of magic regeneration.
   Str:       It affects your strength (+3).
   rF:        It renders you almost immune to fire.
   Drain:     It drains your maximum health when unequipped.
   Rampage:   It bestows one free step when moving towards enemies.
 U - the ring "Eteatuu" (left hand) {rPois rF+ Dex+3 Slay+2}
   (You found it in the Dungeon)

   [ring of protection from fire]

   Dex:       It affects your dexterity (+3).
   Slay:      It affects your accuracy & damage with ranged weapons and melee
   (+2).
   rF:        It protects you from fire.
   rPois:     It protects you from poison.
 W - an amulet of magic regeneration (around neck)
 Y - an amulet of regeneration
Wands
 n - a wand of paralysis (18)
 v - a wand of mindburst (15)
 w - a wand of quicksilver (16)
 H - a wand of digging (5)
 I - a wand of polymorph (8)
 L - a wand of flame (46)
 M - a wand of roots (31)
Scrolls
 b - a scroll of immolation
 g - 4 scrolls of blinking
 y - 4 scrolls of amnesia
 z - 7 scrolls of fog
 A - 5 scrolls of identify
 B - 2 scrolls of fear
 Q - 8 scrolls of enchant armour
 V - 2 scrolls of brand weapon
Potions
 d - 10 potions of curing
 f - 6 potions of magic
 C - 2 potions of brilliance
 D - 2 potions of invisibility
 E - 4 potions of resistance
 F - a potion of experience
 G - 8 potions of might


   Skills:
 + Level 15.7 Fighting
 + Level 14.3 Maces & Flails
 + Level 14.9 Ranged Weapons
 * Level 21.3 Armour
 + Level 13.3 Dodging
 - Level 1.2 Stealth
 O Level 27 Shields
 * Level 24.0 Invocations


You had 14 spell levels left.
You didn't know any spells.
Your spell library contained the following spells:

 Spells                   Type           Power      Damage    Failure   Level
 Foxfire                  Conj/Fire      0%         2x1d4     88%         1
 Magic Dart               Conj           0%         1d3       88%         1
 Sandblast                Erth           0%         2d4       88%         1
 Ensorcelled Hibernation  Hex/Ice        0%         N/A       96%         2
 Passwall                 Tmut/Erth      0%         N/A       96%         2
 Searing Ray              Conj           0%         2d4       96%         2
 Hailstorm                Conj/Ice       0%         3d3       99%         3
 Ozocubu's Armour         Ice            0%         N/A       99%         3
 Spider Form              Tmut/Pois      0%         N/A       99%         3
 Stone Arrow              Conj/Erth      0%         3d7       99%         3
 Cause Fear               Hex            0%         N/A       100%        4
 Fulminant Prism          Conj/Hex       0%         3d5       100%        4
 Leda's Liquefaction      Hex/Erth       0%         N/A       100%        4
 Olgreb's Toxic Radiance  Pois           0%         N/A       100%        4
 Passage of Golubria      Tloc           0%         N/A       100%        4
 Sticky Flame             Conj/Fire      0%         2d3       100%        4
 Arcjolt                  Conj/Air       0%         1d10      100%        5
 Blade Hands              Tmut           0%         N/A       100%        5
 Fireball                 Conj/Fire      0%         3d3       100%        5
 Irradiate                Conj/Tmut      0%         3d11      100%        5
 Iskenderun's Battlesphe  Conj           0%         2d6       100%        5
 Lee's Rapid Deconstruct  Erth           0%         3d4*      100%        5
 Metabolic Englaciation   Hex/Ice        0%         N/A       100%        5
 Summon Forest            Summ/Tloc      0%         N/A       100%        5
 Conjure Ball Lightning   Conj/Air       0%         3x3d6     100%        6
 Eringya's Noxious Bog    Tmut/Pois      0%         N/A       100%        6
 Simulacrum               Ice/Necr       0%         N/A       100%        6
 Statue Form              Tmut/Erth      0%         N/A       100%        6
 Dragon Form              Tmut           0%         N/A       100%        7
 Orb of Destruction       Conj           0%         9d5       100%        7
 Ozocubu's Refrigeration  Ice            0%         4d7       100%        7
 Summon Hydra             Summ           0%         N/A       100%        7
 Discord                  Hex            0%         N/A       100%        8
 Ignition                 Fire           0%         3d3       100%        8
 Dragon's Call            Summ           0%         N/A       100%        9
 Swiftness                Air            Unusable   N/A       N/A         3

Dungeon Overview and Level Annotations

Branches:
Dungeon (1/1)

Altars:
Ashenzari
Cheibriados
Dithmenos
Elyvilon
Fedhas
Gozag
Hepliaklqana
Kikubaaqudgha
Makhleb
Nemelex Xobeh
Okawaru
Qazlal
Ru
Sif Muna
Trog
Uskayaw
Vehumet
Wu Jian
Xom
Yredelemnul
Zin
The Shining One
Jiyva
Lugonu


Innate Abilities, Weirdness & Mutations

You cannot be hasted, slowed, berserked, paralysed or teleported.
You can dig through walls and to a lower floor.
You have a pair of large antennae on your head. (SInv)
Your four strong arms can wield two-handed weapons with a shield.


Message History

You block the death scarab's attack.
GONNNNG!
Unknown command.
Unknown command.
Unknown command.
You pound the royal mummy like an anvil!!!
You destroy the royal mummy!
Qazlal accepts your kill.
You feel extremely nervous for a moment...
You are engulfed in negative energy!
You feel weakened.
The death scarab is engulfed in a thunderstorm.
You block the death scarab's attack.
SHROANNG!
The royal mummy closely misses you.
You feel your strength returning.
You have mastered Shields!
Your Invocations skill increases to level 24!
Unknown command.
Unknown command.
You bludgeon the royal mummy!! You burn the royal mummy!
You destroy the royal mummy!
Qazlal accepts your kill.
The emperor scorpion disappears in a puff of smoke! x2
You feel extremely nervous for a moment...
You are engulfed in negative energy!
You feel dopey. You block the death scarab's attack.
GONNNNG!
The death scarab is engulfed in a thunderstorm.
You block the death scarab's attack.
PANG!
The death scarab is engulfed in blazing flames.
You block the death scarab's attack.
BOUMMMMG!
The death scarab waves its antennae.
The death scarab is engulfed in blazing flames.
The royal mummy points at you and mumbles some strange words.
Something smites you!
You die...

{ { ▓.........
▓......M|M...≈▓..▓.....▓
▓......=≈BB≈..▓.▓▓▓...▓▓
▓...M./≈≈≈≈≈..▓..▓.....▓
▓.§≈.B≈≈≈M≈.≈.▓.....©...
...BM.≈≈≈≈. ▓▓▓▓▓▓▓▓▓▓
▓≈≈B§≈.≈▓ ▓...8©8... ▓
▓▓≈)☼B.▓▓ ▓....|.|..
▓..▓≈.B@☼..▓..▓..[.[=...
▓..≈.§○B..B≈.≈▓.........
▓..≈≈≈≈©°○....▓.........
▓▓▓▓▓▓▓▓▓▓▓▓▓▓▓.........
▓......... ▓.........
▓......... ▓....©....
▓▓▓▓▓▓▓▓▓▓


You could see 3 royal mummies, a mummy priest, a guardian mummy and 9 death
scarabs.

Vanquished Creatures
  2 royal mummies (D)
  2 pearl dragons (D)
  An Orb Guardian (D)
  2 deep elf blademasters (D)
  2 deep elf master archers (D)
  3 rockslimes (D)
  2 daevas (D)
  A deep elf sorcerer (D)
  2 angels (D)
  A draconian stormcaller (D)
  An ironbound preserver (D)
  An ophan (D)
  A green draconian (D)
  4 black draconians (D)
  3 apis (D)
  An ironbound thunderhulk (D)
  4 red draconians (D)
  2 yellow draconians (D)
  A purple draconian (D)
  3 white draconians (D)
  2 deep elf annihilators (D)
  3 mummy priests (D)
  3 great orbs of eyes (D)
  An entropy weaver (shapeshifter) (D)
  3 fire dragons (D)
  2 hydras (D)
  A deep elf high priest (D)
  8 vault guards (D)
  2 ironbound frosthearts (D)
  5 dancing weapons (D)
  2 death scarabs (D)
  An orc high priest (D)
  A soul eater (D)
  2 deep elf knights (D)
  2 death drakes (D)
  3 swamp dragons (D)
  An ironbound convoker (D)
  3 deep elf archers (D)
  A lindwurm (D)
  4 deep elf zephyrmancers (D)
  A necromancer (D)
  4 eyes of devastation (D)
  A vault sentinel (D)
  3 yaktaurs (D)
  2 rime drakes (D)
  5 guardian mummies (D)
  6 slime creatures (D)
  An air elemental (D)
  2 ushabtiu (D)
  A wyvern (D)
  A steam dragon (D)
  2 large abominations (D)
  2 acid dragons (D)
  2 floating eyes (D)
  2 swamp drakes (D)
  2 earth elementals (D)
  3 necrophages (D)
  A quasit (D)
  An iron imp (D)
  7 jellies (D)
  3 mummies (D)
  A shadow imp (D)
  2 ufetubi (D)
  An adder skeleton (D)
  An adder zombie (D)
  2 bat zombies (D)
  2 endoplasms (D)
  3 ball python zombies (D)
  A giant cockroach zombie (D)
  A jackal simulacrum (D)
155 creatures vanquished.

Notes
Turn   | Place    | Note
-------+----------+-------------------------------------------
     0 | D        | Groucho the Formicid Hunter began the quest for the Orb.
     0 | D        | Reached XP level 1. HP: 16/16 MP: 1/1
     5 | D        | Found a shimmering blue altar of Sif Muna.
     5 | D        | Found a bloodstained altar of Trog.
     5 | D        | Found a sacrificial altar of Ru.
     5 | D        | Found a stormy altar of Qazlal.
     5 | D        | Found an iron altar of Okawaru.
     7 | D        | Found a sparkling altar of Nemelex Xobeh.
     7 | D        | Found the +6 Majin-Bo {spellvamp, MP+6 Int+6}
     7 | D        | Found the +27 heavy crossbow "Sniper" {heavy, Acc+∞ SInv}
     7 | D        | Found the +10 dark maul {heavy}
     7 | D        | Found the +15 Maxwell's patent armour {-Cast -Tele rElec
                  | Will+ rCorr}
     7 | D        | Found the +18 shield of the Gong {Loud rN+ Will+ rCorr
                  | EV-5}
     7 | D        | Found the +16 obsidian axe {drain, demonic, Mesm Drain Fly
                  | SInv}
     7 | D        | Found the +7 great mace "Firestarter" {flame, immolate,
                  | rFlCloud rF++}
     7 | D        | Found the +6 shillelagh "Devastator" {shatter}
     7 | D        | Found the +11 plutonium sword {Contam Stlth-}
     7 | D        | Found the +8 lance "Wyrmbane" {slay drac, rPois rF+ rC+
                  | AC+3}
     7 | D        | Found the +9 sword of Zonguldrok {reap}
     7 | D        | Found the +13 scythe of Curses {drain, curses, Drain}
     7 | D        | Found the +9 sword of Power {lifebolt}
     7 | D        | Found the +7 mace of Variability {chaos, chaos arc}
     7 | D        | Found the +11 Singing Sword {sonic wave}
     7 | D        | Found the +8 storm bow {elec, penet}
     8 | D        | Found an ancient bone altar of Kikubaaqudgha.
     8 | D        | Found a transporter.
     8 | D        | Found a corrupted altar of Lugonu.
     8 | D        | Found a viscous altar of Jiyva.
     8 | D        | Found a burning altar of Makhleb.
     8 | D        | Found a hazy altar of Hepliaklqana.
     8 | D        | Found an opulent altar of Gozag.
    73 | D        | Found a blossoming altar of Fedhas.
    88 | D        | Became a worshipper of Qazlal Stormbringer
   113 | D        | Entered arena 2.
   113 | D        | Noticed a floating eye
   113 | D        | Noticed a floating eye
   113 | D        | Found a transporter.
   115 | D        | Killed a floating eye
   116 | D        | Reached skill level 4 in Shields
   116 | D        | Reached XP level 2. HP: 25/25 MP: 1/5
   116 | D        | Reached XP level 3. HP: 30/30 MP: 1/6
   116 | D        | Reached XP level 4. HP: 37/37 MP: 1/7
   117 | D        | Killed a floating eye
   118 | D        | Reached skill level 5 in Ranged Weapons
   118 | D        | Reached skill level 5 in Armour
   118 | D        | Reached skill level 6 in Shields
   118 | D        | Reached skill level 5 in Invocations
   118 | D        | Reached XP level 5. HP: 43/43 MP: 1/9
   118 | D        | Reached XP level 6. HP: 49/49 MP: 1/10
   202 | D        | Entered arena 3.
   202 | D        | Found the brooch of Shielding {Spirit SH+8}
   202 | D        | Noticed a deep elf archer
   202 | D        | Noticed a deep elf archer
   202 | D        | Found a transporter.
   211 | D        | Reached * piety under Qazlal
   212 | D        | Reached skill level 7 in Shields
   215 | D        | Killed a deep elf archer
   216 | D        | Reached skill level 9 in Shields
   216 | D        | Reached XP level 7. HP: 45/58 MP: 10/13
   223 | D        | Killed a deep elf archer
   224 | D        | Reached skill level 5 in Maces & Flails
   224 | D        | Reached skill level 5 in Dodging
   224 | D        | Reached skill level 10 in Shields
   224 | D        | Reached XP level 8. HP: 53/65 MP: 11/15
   274 | D        | Entered arena 4.
   274 | D        | Noticed a +5 trident of flaming
   274 | D        | Noticed an air elemental
   274 | D        | Noticed a +1 antimagic short sword
   274 | D        | Found a transporter.
   282 | D        | Killed a +1 antimagic short sword
   282 | D        | Reached ** piety under Qazlal
   283 | D        | Reached skill level 11 in Shields
   283 | D        | Reached skill level 10 in Invocations
   283 | D        | Reached XP level 9. HP: 32/72 MP: 16/16
   304 | D        | Killed a +5 trident of flaming
   304 | D        | Reached *** piety under Qazlal
   305 | D        | Reached skill level 10 in Armour
   305 | D        | Reached skill level 12 in Shields
   511 | D        | Entered arena 5.
   511 | D        | Noticed a deep elf zephyrmancer
   511 | D        | Noticed a +1 halberd of freezing
   511 | D        | Noticed a deep elf zephyrmancer
   511 | D        | Noticed a +6 trident of freezing
   511 | D        | Found a transporter.
   513 | D        | Killed a +6 trident of freezing
   514 | D        | Reached skill level 13 in Shields
   514 | D        | Reached XP level 10. HP: 45/80 MP: 11/19
   514 | D        | Killed a deep elf zephyrmancer
   514 | D        | Killed a +1 halberd of freezing
   515 | D        | Killed a deep elf zephyrmancer
   516 | D        | Reached skill level 14 in Shields
   724 | D        | Got the Anthology of the Brilliant Vector
   839 | D        | Entered arena 6.
   839 | D        | Found a transporter.
   840 | D        | Reached **** piety under Qazlal
  1191 | D        | Entered arena 7.
  1191 | D        | Noticed a vault guard
  1191 | D        | Noticed a vault guard
  1191 | D        | Noticed an ironbound thunderhulk
  1191 | D        | Noticed a vault guard
  1191 | D        | Noticed an ironbound frostheart
  1191 | D        | Noticed an ironbound frostheart
  1194 | D        | Killed an ironbound frostheart
  1196 | D        | Killed an ironbound frostheart
  1196 | D        | Killed an ironbound thunderhulk
  1197 | D        | Reached skill level 15 in Shields
  1197 | D        | Reached XP level 11. HP: 28/89 MP: 4/21
  1198 | D        | Killed a vault guard
  1198 | D        | Killed a vault guard
  1201 | D        | Killed a vault guard
  1501 | D        | Found a transporter.
  1738 | D        | Entered arena 8.
  1738 | D        | Noticed an ironbound preserver
  1738 | D        | Noticed a necromancer
  1738 | D        | Noticed an ironbound convoker
  1738 | D        | Noticed a vault guard
  1739 | D        | Killed a necromancer
  1739 | D        | Reached ***** piety under Qazlal
  1740 | D        | Reached skill level 10 in Fighting
  1740 | D        | Reached skill level 16 in Shields
  1741 | D        | Noticed a white draconian
  1741 | D        | Noticed a great orb of eyes
  1741 | D        | Noticed a soul eater
  1741 | D        | Noticed a white draconian stormcaller
  1741 | D        | Noticed an entropy weaver
  1742 | D        | Noticed a black draconian
  1742 | D        | Noticed a deep elf knight
  1744 | D        | Killed an ironbound preserver
  1744 | D        | Killed a vault guard
  1745 | D        | Reached skill level 10 in Ranged Weapons
  1745 | D        | Reached skill level 15 in Invocations
  1745 | D        | Killed an entropy weaver
  1746 | D        | Reached XP level 12. HP: 69/98 MP: 1/23
  1747 | D        | Killed a great orb of eyes
  1748 | D        | Killed a deep elf knight
  1749 | D        | Reached skill level 17 in Shields
  1750 | D        | Killed a soul eater
  1750 | D        | Killed a white draconian
  1752 | D        | Killed a black draconian
  1753 | D        | Reached skill level 15 in Armour
  1753 | D        | Killed a white draconian stormcaller
  1754 | D        | Reached skill level 10 in Maces & Flails
  1757 | D        | Found a transporter.
  2171 | D        | Entered arena 9.
  2171 | D        | Noticed a vault guard
  2171 | D        | Noticed a vault guard
  2171 | D        | Noticed a vault guard
  2171 | D        | Noticed a vault guard
  2173 | D        | Reached skill level 18 in Shields
  2173 | D        | Killed a vault guard
  2176 | D        | Killed a vault guard
  2176 | D        | Killed a vault guard
  2177 | D        | Reached skill level 19 in Shields
  2179 | D        | Killed a vault guard
  2180 | D        | Reached XP level 13. HP: 107/107 MP: 10/25
  2413 | D        | Found a transporter.
  2428 | D        | Got the ring of Itor {+Blink rF+ Str+6 Dex+6}
  2727 | D        | Entered arena 10.
  2730 | D        | Reached ****** piety under Qazlal
  2961 | D        | Found a transporter.
  2980 | D        | Entered arena 11.
  2982 | D        | Reached skill level 10 in Dodging
  2982 | D        | Reached skill level 20 in Shields
  3394 | D        | Found a transporter.
  3422 | D        | Entered arena 12.
  3422 | D        | Noticed an apis
  3422 | D        | Noticed a pearl dragon
  3422 | D        | Noticed a pearl dragon
  3422 | D        | Noticed an angel
  3425 | D        | Noticed an apis
  3427 | D        | Killed an apis
  3428 | D        | Killed an angel
  3429 | D        | Killed an apis
  3429 | D        | Killed a pearl dragon
  3430 | D        | Reached skill level 21 in Shields
  3435 | D        | Killed a pearl dragon
  3436 | D        | Found a transporter.
  3631 | D        | Entered arena 13.
  3631 | D        | Noticed a rockslime
  3631 | D        | Noticed a rockslime
  3631 | D        | Noticed a great orb of eyes
  3631 | D        | Noticed a great orb of eyes
  3634 | D        | Killed a great orb of eyes
  3635 | D        | Reached skill level 22 in Shields
  3635 | D        | Killed a great orb of eyes
  3642 | D        | Killed a rockslime
  3647 | D        | Killed a rockslime
  3649 | D        | Found a transporter.
  3688 | D        | Got the Vellum of Scintillating Changing
  3695 | D        | Entered arena 14.
  3696 | D        | Noticed a rockslime
  3698 | D        | Killed a rockslime
  3699 | D        | Reached skill level 23 in Shields
  3699 | D        | Reached XP level 14. HP: 103/118 MP: 18/27
  3843 | D        | Found a transporter.
  3862 | D        | Got the amulet of Luudeij {RegenMP Rampage Drain rF+++
                  | Str+3}
  3875 | D        | Entered arena 15.
  3875 | D        | Noticed a daeva
  3875 | D        | Noticed an ophan
  3875 | D        | Noticed a daeva
  3876 | D        | Noticed an apis
  3876 | D        | Noticed an angel
  3877 | D        | Killed a daeva
  3877 | D        | Killed an angel
  3879 | D        | Killed an apis
  3879 | D        | Killed an ophan
  3880 | D        | Reached skill level 24 in Shields
  3880 | D        | Killed a daeva
  3882 | D        | Found a transporter.
  3903 | D        | Got the ring "Eteatuu" {rPois rF+ Dex+3 Slay+2}
  4123 | D        | Entered arena 16.
  4123 | D        | Noticed a white draconian
  4123 | D        | Noticed a yellow draconian
  4123 | D        | Noticed a green draconian
  4124 | D        | Noticed a red draconian
  4124 | D        | Noticed a black draconian
  4124 | D        | Noticed a black draconian
  4124 | D        | Noticed a red draconian
  4124 | D        | Noticed a red draconian
  4124 | D        | Noticed a yellow draconian
  4124 | D        | Noticed a purple draconian
  4124 | D        | Noticed a black draconian
  4125 | D        | Killed a black draconian
  4125 | D        | Killed a red draconian
  4125 | D        | Killed a yellow draconian
  4125 | D        | Killed a red draconian
  4125 | D        | Killed a yellow draconian
  4125 | D        | Killed a purple draconian
  4125 | D        | Killed a black draconian
  4125 | D        | Killed a red draconian
  4126 | D        | Killed a green draconian
  4127 | D        | Killed a white draconian
  4127 | D        | Noticed an Orb Guardian
  4128 | D        | Killed a black draconian
  4128 | D        | Identified the +3 long sword "Idaur" {protect, rCorr Str-2
                  | Int+3}
  4128 | D        | Noticed a white draconian
  4129 | D        | Killed an Orb Guardian
  4130 | D        | Reached skill level 25 in Shields
  4130 | D        | Noticed a red draconian
  4131 | D        | Killed a white draconian
  4133 | D        | Killed a red draconian
  4360 | D        | Found a transporter.
  4402 | D        | Entered arena 17.
  4404 | D        | Noticed a deep elf master archer
  4404 | D        | Noticed a deep elf sorcerer
  4404 | D        | Noticed a deep elf blademaster
  4405 | D        | Noticed a deep elf blademaster
  4406 | D        | Noticed a deep elf annihilator
  4406 | D        | Killed a deep elf blademaster
  4406 | D        | Killed a deep elf master archer
  4406 | D        | Killed a deep elf annihilator
  4406 | D        | Noticed a deep elf annihilator
  4407 | D        | Reached XP level 15. HP: 95/127 MP: 20/29
  4407 | D        | Killed a deep elf blademaster
  4407 | D        | Noticed a deep elf master archer
  4411 | D        | Killed a deep elf sorcerer
  4411 | D        | Killed a deep elf master archer
  4413 | D        | Reached skill level 26 in Shields
  4415 | D        | Reached skill level 15 in Fighting
  4692 | D        | Found a transporter.
  4748 | D        | Entered arena 18.
  4762 | D        | Found a transporter.
  4824 | D        | Got the ring "Sar Paet" {Str+5 Dex+6 Slay+3}
  4835 | D        | Got the ring "Cufrosus" {rF+ MP+9 Str+2 Int-3}
  4845 | D        | Got the amulet "Enubuch" {RegenMP Fragile rPois rF+ rN+}
  4848 | D        | Entered arena 19.
  4850 | D        | Noticed a royal mummy
  4850 | D        | Noticed a royal mummy
  4850 | D        | Noticed a royal mummy
  4851 | D        | Noticed a royal mummy
  4854 | D        | Identified the staff of conjuration "Wesab" {rF- rN+
                  | Will+++ Dex+3}
  4856 | D        | Noticed an emperor scorpion
  4856 | D        | Noticed an emperor scorpion
  4857 | D        | Noticed a royal mummy
  4859 | D        | Killed a royal mummy
  4860 | D        | Reached skill level 27 in Shields
  4860 | D        | Killed a royal mummy
  4860 | D        | Killed from afar by a royal mummy

Illustrated notes

Levels and vault maps discovered:
D:        sprint_v [room_start, room_1, room_2, room_3, room_4, room_5, room_6,
          room_7, room_8, room_9, room_10, room_11, room_12, room_13, room_14,
          room_15, room_16, room_17, room_18, room_19, room_20, room_21,
          room_22, room_23, room_24, room_25, room_26, room_27]

Skill      XL: |  1  2  3  4  5  6  7  8  9 10 11 12 13 14 15 |
---------------+----------------------------------------------+-----
Fighting       | 3 4 6 7 8 9 10 11 13 14 15 | 15.7
Maces & Flails | 2 3 4 5 6 7 8 9 10 11 13 14 | 14.3
Armour         | 4 5 7 8 9 11 12 14 15 17 19 21 | 21.3
Dodging        | 3 4 5 6 7 8 9 11 12 13 | 13.3
Shields        | 4 6 9 10 11 13 15 16 19 23 25 27 | 27.0
Invocations    | 4 5 8 9 10 12 13 15 17 19 21 24 | 24.0
Ranged Weapons | 5 6 7 8 9 10 11 12 13 14 | 14.9
Stealth        | |  1.2

Action                     |  1- 3 |  4- 6 |  7- 9 | 10-12 | 13-15 || total
---------------------------+-------+-------+-------+-------+-------++-------
  Melee: Shillelagh        |     1 |     8 |    28 |     8 |    26 ||    71
         Great mace        |       |       |       |       |     2 ||     2
   Fire: Heavy crossbow    |       |       |       |       |    15 ||    15
 Invoke: Upheaval          |       |       |     2 |    29 |    22 ||    53
         Disaster Area     |       |       |       |       |     9 ||     9
    Use: Potion            |       |     2 |     4 |     2 |     3 ||    11
 Armour: Plate armour      |       |     3 |    29 |     6 |     4 ||    42
  Dodge: Dodged            |       |       |     3 |     3 |    11 ||    17
         Repelled          |       |       |       |       |     3 ||     3
  Block: Kite shield       |       |    11 |    58 |    26 |    46 ||   141
